 Dungeon Crawl Stone Soup version 0.27.1-15-g792fb953b9 (webtiles) character file.

Game seed: 6064455150620816258

489 zeram the Covert (level 7, 0/67 HPs)
             Began as an Octopode Brigand on Nov 19, 2021.
             Slain by a scorpion (5 damage)
             ... on level 4 of the Dungeon.
             The game lasted 00:05:20 (2894 turns).

zeram the Covert (Octopode Brigand)                 Turns: 2894, Time: 00:05:21

Health: 0/67       AC: 23    Str: 11    XL:     7   Next: 14%
Magic:  7/7        EV:  2    Int: 15    God:
Gold:   86         SH:  0    Dex: 13    Spells: 6/6 levels left

rFire    . . .     SeeInvis .   a - +2 dagger
rCold    . . .     Faith    .   (no shield)
rNeg     + + +     Spirit   .   (helmet currently unavailable)
rPois    +         Reflect  .   (no amulet)
rElec    .         Harm     .   e - ring of poison resistance
rCorr    .         Rampage  .   (no ring)
Will     .....     NoTele   +   (no ring)
Stlth    ++........             (no ring)
HPRegen  0.21/turn              (no ring)
MPRegen  0.10/turn              (no ring)
                                (no ring)
                                (no ring)

@: confused, mighty, tree-form, hasted, very quick
A: stationary, stasis, torment immunity, boosted hp, almost no armour,
(amphibious), 8 rings, (camouflage 1), (gelatinous body 1), (nimble swimmer 1),
(tentacles)
a: no special abilities


You were on level 4 of the Dungeon.
You were a tree.
You visited 1 branch of the dungeon, and saw 4 of its levels.

You collected 86 gold pieces.

Inventory:

Hand Weapons
 a - a +2 dagger (weapon)
Missiles
 b - 8 poisoned darts (quivered)
 c - 2 curare-tipped darts
Jewellery
 e - a ring of poison resistance (left branch)
Scrolls
 g - a scroll of brand weapon {unknown}
 i - a scroll of noise {unknown}
 j - 2 scrolls of teleportation
 k - 2 scrolls of magic mapping {unknown}
Potions
 d - a potion of attraction


   Skills:
 - Level 2.0 Fighting
 + Level 4.0 Short Blades
 - Level 2.0 Throwing
 + Level 1.3 Dodging
 + Level 10.3 Stealth


You had 6 spell levels left.
You didn't know any spells.
Your spell library contained the following spells:

 Spells                   Type           Power      Damage    Failure   Level
 Animate Skeleton         Necr           0%         N/A       26%         1
 Apportation              Tloc           0%         N/A       26%         1
 Corona                   Hex            0%         N/A       26%         1
 Summon Small Mammal      Summ           0%         N/A       26%         1
 Corpse Rot               Necr/Air       N/A        N/A       38%         2
 Poisonous Vapours        Pois/Air       0%         N/A       38%         2
 Freezing Cloud           Conj/Ice/Air   0%         6-21      100%        5


Dungeon Overview and Level Annotations

Branches:
Dungeon (4/15)
 Temple: D:4-7

Altars:

Shops:
D:4 !

Annotations:
D:4 Grinder


Innate Abilities, Weirdness & Mutations

You are a tree.
Your roots penetrate the ground, keeping you stationary.
You cannot be teleported.
You are immune to unholy pain and torment.
Your maximum health is greatly increased.
You cannot wear most types of armour.
((You are amphibious.))
You can wear up to eight rings at the same time.
((Your skin changes colour to match your surroundings (Stealth+).))
((Your rubbery body absorbs attacks. (AC +1, EV +1)))
((You are camouflaged near water. (Stealth+)))
((You have tentacles for arms and can constrict up to eight enemies at once.))


Message History

Grinder barely misses you. Grinder barely misses you. Something hits you.
Grinder hits you.
You writhe in agony.
You hit Grinder.
Grinder is lightly wounded.
Something hits you. Something hits you. Grinder misses you.
You hit the orc priest.
The orc priest is lightly wounded.
You feel less invigorated.
You feel less confused.
The orc priest begins to cast a cantrip, but forgets the words!
You puncture the orc priest!
You kill the orc priest!
Something hits you. Grinder misses you.
Your Short Blades skill increases to level 4!
As you read the scroll of teleportation, it crumbles to dust.
You feel strangely unstable. Something hits you.
You closely miss Grinder. Your grab misses Grinder.
Grinder is lightly wounded.
Grinder hits you!
You writhe in agony.
* * * LOW HITPOINT WARNING * * *
The scorpion stings you!
* * * LOW HITPOINT WARNING * * *
Unknown command.
It was a potion of lignification.
You turn into a tree.
Your roots penetrate the ground.
You feel strangely stable. Something completely misses you.
You hit Grinder.
Grinder is moderately wounded.
The scorpion stings you but does no damage.
Grinder hits you.
* * * LOW HITPOINT WARNING * * *
Unknown command.
You hit Grinder but do no damage.
Grinder is moderately wounded.
You hear some strange, mumbled words.
You are confused.
The scorpion stings you.
You die...

#
#.#...............
≈
#.#...............
#≈##.............#.
#.#..........[...#
#.......<.......##
#....#..(.....###
#...##.......#
#..w{)s.........
#...#♣5####...#..
######.# ##..# #
### ####


You could see Grinder, a worm and a scorpion.

Vanquished Creatures
  Sigmund (D:3)
  Edmund (D:4)
  Crazy Yiuf (D:2)
  An orc priest (D:4)
  An iguana (D:2)
  Terence (D:3)
  An orc wizard (D:3)
  An adder (D:3)
  3 worms
  2 dart slugs
  4 orcs
  6 endoplasms
  4 giant cockroaches
  6 hobgoblins
  2 jackals (D:2)
  A quokka (D:1)
  4 ball pythons
  12 bats
  4 frilled lizards
  7 goblins
  2 kobolds
  2 rats
67 creatures vanquished.

Notes
Turn   | Place    | Note
-------+----------+-------------------------------------------
     0 | D:1      | zeram the Octopode Brigand began the quest for the Orb.
     0 | D:1      | Reached XP level 1. HP: 14/14 MP: 1/1
    70 | D:1      | Reached XP level 2. HP: 19/19 MP: 2/2
    87 | D:1      | Reached skill level 6 in Stealth
   743 | D:1      | Reached XP level 3. HP: 20/24 MP: 3/3
  1079 | D:2      | Reached skill level 7 in Stealth
  1270 | D:2      | Reached XP level 4. HP: 29/29 MP: 4/4
  1380 | D:2      | Found a runed translucent door.
  1381 | D:2      | Noticed Crazy Yiuf
  1778 | D:2      | Killed Crazy Yiuf
  1779 | D:2      | Reached skill level 8 in Stealth
  1948 | D:3      | Reached XP level 5. HP: 34/34 MP: 5/5
  1996 | D:3      | Found a faded altar of an unknown god.
  1999 | D:3      | Noticed Sigmund
  2006 | D:3      | Killed Sigmund
  2007 | D:3      | Reached skill level 9 in Stealth
  2007 | D:3      | Reached XP level 6. HP: 39/39 MP: 6/6
  2110 | D:3      | Noticed Terence
  2118 | D:3      | Killed Terence
  2672 | D:4      | Noticed Edmund
  2677 | D:4      | Killed Edmund
  2678 | D:4      | Reached skill level 10 in Stealth
  2678 | D:4      | Reached XP level 7. HP: 45/45 MP: 7/7
  2680 | D:4      | Found Iqarympa's Distillery.
  2682 | D:4      | Noticed Grinder
  2894 | D:4      | Slain by a scorpion

Illustrated notes

Levels and vault maps discovered:
D:1:      ebering_hopf_link, layout_basic, serial_curves, eino_curves_01,
          eino_curves_01, eino_curves_02, st_stairs_5
D:2:      layout_rooms, kennysheep_generic_room_13, uniq_crazy_yiuf_cottage
D:3:      layout_basic, shapermc_ecumenical_altar_starsandcircs, uniq_terence,
          uniq_sigmund
D:4:      layout_cave_pools, gup_sewer_entry_bubbles, serial_shops, shop, shop,
          kennysheep_mini, bh_walls_and_bars, uniq_robin, uniq_grinder,
          uniq_edmund

Skill      XL: |  1  2  3  4  5  6  7 |
---------------+----------------------+-----
Stealth        | 6 7 8 9 10 | 10.3
Short Blades   | 3 4 |  4.0
Fighting       | |  2.0
Throwing       | |  2.0
Dodging        | |  1.3

Action                   |  1- 3 |  4- 6 |  7- 9 || total
-------------------------+-------+-------+-------++-------
Melee: Dagger            |    63 |    26 |    16 ||   105
       Tentacles         |     9 |     3 |     2 ||    14
       Constrict         |    10 |     2 |     3 ||    15
Throw: Dart              |       |     2 |       ||     2
  Use: Scroll            |     4 |       |     1 ||     5
       Potion            |       |       |     4 ||     4
 Stab: Sleeping          |    21 |    15 |     1 ||    37
       Distracted        |       |     1 |       ||     1
Armor: Skin              |     1 |       |     1 ||     2
Dodge: Dodged            |    22 |     6 |    10 ||    38
